Map: [ESL] Tropical Sacrifice

Players

Solar - Winner!

  • Race: Zerg Zerg
  • Spawn Location: 7:00

soO

  • Race: Zerg Zerg
  • Spawn Location: 1:00

Event: TSL 9

VOD

Have the link to the VOD?

Description

Time

  • Played on: July 31, 2022, 6:33 a.m.
  • Length: 8:15

All games in this series

Show
View Real Time Build Order
Export as new Build Order

Solar Zerg - Winner!

Build Orders: Hatch First 

Get SALT Encoding   

  12  0:00  Drone  
  13  0:12  Overlord  
  13  0:17  Drone  
  14  0:30  Drone  
  14  0:31  Drone  
  16  0:48  Hatchery  
  15  0:51  Drone  
  15  0:55  Drone  
  17  0:59  Drone  
  18  1:09  Extractor  
  17  1:14  Spawning Pool  
  17  1:17  Drone  
  17  1:21  Drone  
  18  1:28  Drone  
  19  1:40  Drone  
  20  1:50  Drone  
  21  2:01  Queen x2  
  21  2:02  Zergling x2, Overlord  
  26  2:11  Drone x2  
  26  2:13  Metabolic Boost  
  28  2:23  Zergling x2, Drone  
  30  2:37  Hatchery  
  29  2:39  Drone  
  30  2:45  Queen  
  30  2:49  Drone  
  33  2:55  Baneling Nest  
  32  2:58  Overlord  
  32  3:01  Drone  
  32  3:04  Drone  
  34  3:06  Drone  
  34  3:10  Zergling x2  
  36  3:18  Drone x4  
  40  3:20  Zergling x2  
  40  3:23  Drone  
  41  3:31  Overlord  
  41  3:32  Drone x2  
  43  3:38  Drone, Evolution Chamber  
  43  3:46  Baneling  
  43  3:48  Drone  
  43  3:50  Zergling x4  
  46  3:56  Overlord  
  46  3:57  Drone x2  
  46  3:58  Drone x3  
  51  4:04  Drone x2  
  51  4:06  Extractor  
  51  4:07  Lair  
  51  4:09  Drone  
  53  4:13  Zergling x4  
  54  4:20  Drone  
  54  4:21  Drone x2  
  54  4:22  Drone  
  54  4:23  Zerg Missile Weapons Level 1  
  56  4:25  Extractor  
  55  4:32  Roach Warren  
  55  4:33  Drone x3  
  57  4:40  Overlord  
  57  4:41  Drone x3  
  57  4:42  Drone  
  61  4:46  Drone x3  
  63  4:53  Overlord  
  63  4:54  Drone x2  
  63  4:57  Overlord  
  65  5:01  Drone x2  
  65  5:02  Extractor x2  
  65  5:03  Drone  
  65  5:05  Overlord  
  66  5:11  Glial Reconstitution  
  66  5:20  Roach x3  
  66  5:21  Roach x3  
  78  5:24  Overlord  
  78  5:28  Roach  
  80  5:31  Overseer  
  80  5:37  Roach x4  
  80  5:39  Roach x2  
  80  5:40  Roach  
  80  5:42  Roach  
  96  5:45  Roach  
  96  5:47  Roach  
  96  5:48  Roach  
  101  5:52  Roach x2  
  105  5:59  Nydus Network, Overlord  
  105  6:01  Overlord  
  105  6:03  Overlord  
  104  6:09  Overlord  
  104  6:10  Roach  
  106  6:18  Roach x2  
  106  6:19  Roach x2  
  106  6:21  Roach x2  
  114  6:27  Roach x3  
  114  6:29  Roach  
  122  6:36  Nydus Canal  
  122  6:37  Roach x2  
  122  6:38  Roach  
  122  6:40  Roach  
  122  6:43  Roach x2  
  122  6:45  Roach  
  126  6:47  Roach  
  126  6:48  Roach  
  126  6:51  Roach  
  126  6:53  Nydus Canal  
  128  6:57  Roach  
  128  6:58  Roach x2  
  134  7:01  Roach  
  134  7:03  Roach  
  134  7:06  Roach  
  134  7:07  Roach  
  138  7:09  Overlord  
  138  7:13  Overlord  
  138  7:15  Roach  
  136  7:16  Nydus Canal  
  136  7:19  Roach  
  136  7:22  Roach  
  138  7:27  Roach  
  138  7:29  Roach  
  142  7:30  Roach x2  
  142  7:31  Nydus Canal  
  142  7:33  Roach  
  142  7:34  Roach  
  138  7:37  Roach  
  138  7:39  Roach  
  138  7:42  Roach  
  130  7:46  Roach x2  
  128  7:52  Roach  
  128  7:54  Nydus Canal, Roach  
Show
View Real Time Build Order
Export as new Build Order

soO Zerg 

Build Orders: Hatch First 

Get SALT Encoding   

  12  0:00  Drone  
  13  0:12  Overlord  
  13  0:17  Drone  
  14  0:30  Drone x2  
  16  0:49  Hatchery  
  15  0:52  Drone  
  15  0:56  Drone  
  17  0:59  Drone  
  18  1:10  Extractor  
  17  1:15  Spawning Pool  
  17  1:18  Drone  
  17  1:21  Drone  
  18  1:28  Drone  
  19  1:38  Drone  
  20  1:54  Overlord  
  20  2:02  Queen x2  
  20  2:03  Zergling x2  
  20  2:05  Drone  
  26  2:10  Drone  
  26  2:11  Drone  
  26  2:13  Metabolic Boost  
  28  2:22  Drone  
  29  2:23  Drone  
  30  2:32  Zergling x2  
  31  2:37  Drone  
  31  2:41  Hatchery  
  31  2:45  Drone  
  31  2:47  Drone  
  33  2:52  Queen  
  35  2:59  Overlord  
  35  3:04  Baneling Nest  
  34  3:09  Drone x2  
  36  3:14  Overlord  
  36  3:18  Drone  
  36  3:19  Drone  
  38  3:20  Zergling x2  
  38  3:21  Drone  
  38  3:23  Drone  
  41  3:29  Zergling x4  
  41  3:33  Zergling x2  
  43  3:36  Zergling x2  
  43  3:41  Drone  
  45  3:42  Drone  
  45  3:43  Drone x2  
  45  3:46  Evolution Chamber  
  48  3:48  Drone  
  48  3:49  Baneling x2  
  48  3:50  Drone  
  48  3:53  Drone  
  50  3:57  Drone  
  50  4:00  Drone  
  52  4:03  Drone x3  
  52  4:04  Drone  
  56  4:11  Overlord x2  
  55  4:22  Drone x2, Overlord  
  55  4:23  Baneling  
  55  4:24  Zerg Missile Weapons Level 1  
  53  4:25  Extractor  
  53  4:26  Extractor  
  53  4:27  Zergling x8  
  55  4:34  Drone x2  
  55  4:35  Drone, Roach Warren  
  55  4:37  Drone  
  58  4:44  Drone x5  
  63  4:52  Lair  
  63  4:53  Overlord  
  63  4:57  Drone x2  
  65  5:00  Drone  
  65  5:01  Drone  
  65  5:03  Drone  
  65  5:07  Drone  
  69  5:08  Extractor  
  69  5:09  Extractor, Overlord  
  67  5:14  Overlord  
  67  5:21  Drone x4  
  69  5:23  Drone x4, Extractor  
  69  5:25  Drone x2  
  69  5:26  Drone  
  69  5:27  Drone  
  77  5:32  Drone  
  78  5:36  Roach x4  
  86  5:43  Evolution Chamber  
  86  5:44  Roach x2  
  86  5:47  Overlord  
  86  5:49  Glial Reconstitution  
  89  5:50  Overseer  
  89  5:51  Overseer  
  89  5:55  Roach  
  89  5:56  Hatchery, Roach  
  94  5:57  Roach  
  94  6:03  Roach x2  
  94  6:04  Overlord  
  98  6:05  Pneumatized Carapace  
  98  6:08  Roach x2  
  102  6:12  Overlord  
  102  6:23  Roach x4  
  109  6:28  Roach x3  
  115  6:33  Roach x2  
  115  6:36  Roach  
  119  6:42  Roach x2  
  119  6:45  Roach x3  
  120  6:49  Roach  
  120  6:50  Overlord  
  120  6:57  Overlord  
  120  7:00  Roach x3  
  122  7:04  Roach  
  122  7:07  Roach  
  120  7:09  Roach  
  120  7:15  Roach x2  
  122  7:17  Queen x2, Roach  
  122  7:20  Roach  
  122  7:21  Roach x2  
  123  7:27  Roach x2  
  123  7:29  Roach  
  106  7:36  Roach  
  96  7:39  Roach x2  
  96  7:42  Roach x3  
  87  7:51  Roach x3  
Tags
 
Add a new tag
Caveats
  • Supply blocks, unpowered buildings, or Contaminate may cause inaccurate times.
  • Supply counts are checked every 10 seconds.